 Dungeon Crawl Stone Soup version 0.28-a0-895-g6e5f11bd55 (webtiles) character file.

Game seed: 8569350927917761350

1609 porpoise the Thaumaturge (level 8, -2/42 HPs)
             Began as a Deep Elf Conjurer on Nov 23, 2021.
             Slain by a wyvern zombie (13 damage)
             ... on level 7 of the Dungeon.
             The game lasted 00:19:44 (7251 turns).

porpoise the Thaumaturge (Deep Elf Conjurer)        Turns: 7251, Time: 00:19:45

Health: -2/42      AC:  5    Str:  5    XL:     8   Next: 63%
Magic:  9/22       EV: 12    Int: 25    God:
Gold:   340        SH:  0    Dex: 13    Spells: 13/24 levels left

rFire   + . .      SeeInvis .   b - +0 hunting sling
rCold   + + +      Faith    .   (no shield)
rNeg    . . .      Spirit   .   B - +2 robe {rC+}
rPois   .          Reflect  .   (no helmet)
rElec   .          Harm     .   l - scarf {rC+ rF+}
rCorr   .          Rampage  .   x - +0 pair of gloves
Will    .....                   (no boots)
Stlth   ++........              f - amulet of the acrobat
HPRegen 0.14/turn               i - ring of flight
MPRegen 0.18/turn               u - ring of protection from cold

@: flying
A: no striking features
a: no special abilities


You were on level 7 of the Dungeon.
You visited 2 branches of the dungeon, and saw 8 of its levels.

You collected 340 gold pieces.

Inventory:

Hand Weapons
 a - a +2 dagger of venom
 b - a +0 hunting sling (weapon)
Missiles
 e - 157 stones (quivered ammo)
 h - 24 sling bullets
 j - 31 poisoned darts
 q - 4 javelins
 D - 5 boomerangs
Armour
 l - a scarf of resistance (worn)
 r - a +2 ring mail of willpower
 x - a +0 pair of gloves (worn)
 y - a +2 leather armour of poison resistance
 B - a +2 robe of cold resistance (worn)
Jewellery
 f - an amulet of the acrobat (around neck)
 i - a ring of flight (left hand)
 u - a ring of protection from cold (right hand)
 E - a ring of fire
 F - a +4 ring of slaying
Wands
 C - a wand of iceblast (1)
Scrolls
 c - 3 scrolls of teleportation
 k - a scroll of enchant weapon {unknown}
 o - a scroll of blinking
 p - a scroll of amnesia
 s - 2 scrolls of noise
 A - a scroll of immolation {unknown}
Potions
 d - 2 potions of berserk rage
 g - 3 potions of might
 m - 4 potions of curing
 n - 2 potions of brilliance
 t - 2 potions of haste {unknown}
 v - a potion of lignification {unknown}
 w - a potion of magic {unknown}
 z - a potion of mutation {unknown}


   Skills:
 + Level 0.9 Fighting
 - Level 2.4 Dodging
 - Level 2.4 Stealth
 + Level 8.9 Spellcasting
 - Level 7.0 Conjurations
 - Level 7.0 Hexes
 - Level 5.0 Translocations


You had 13 spell levels left.
You knew the following spells:

 Your Spells              Type           Power      Damage    Failure   Level
a - Magic Dart            Conj           100%       1d8       1%          1
b - Searing Ray           Conj           92%        2d7       1%          2
c - Fulminant Prism       Conj/Hex       23%        3d13      3%          4
d - Iskenderun's Mystic   Conj/Tloc      41%        2d9       4%          4

Your spell library contained the following spells:

 Spells                   Type           Power      Damage    Failure   Level
 Slow                     Hex            100%       N/A       1%          1
 Confusing Touch          Hex            46%        N/A       1%          3
 Dazzling Flash           Conj/Hex       92%        N/A       1%          3
 Vampiric Draining        Necr           11%        2d6       17%         3


Dungeon Overview and Level Annotations

Branches:
Dungeon (7/15)             Temple (1/1) D:6

Altars:
Ashenzari
Elyvilon
Fedhas
Gozag
Makhleb
Nemelex Xobeh
Okawaru
Sif Muna
Trog
Uskayaw
Xom
Yredelemnul
The Shining One

Shops:
D:6 *


Message History

The searing ray hits the centaur!
The centaur is severely wounded.
The centaur shoots an arrow.
The arrow misses you.
The centaur shoots an arrow.
The arrow hits you.
The searing ray hits the centaur.
The centaur is almost dead.
The centaur shoots an arrow.
The arrow completely misses you.
The searing ray hits the centaur.
You kill the centaur!
You finish channelling your searing ray.
Casting: Searing Ray (safe; 1% risk of failure)
Confirm with . or Enter, or press ? or * to list all spells.
Aiming: Searing Ray (safe; 1% risk of failure)
Press: ? - help, Shift-Dir - straight line, f - wyvern zombie
Aim: a wyvern zombie (94% to hit)
The searing ray hits the wyvern zombie!
The wyvern zombie is moderately damaged. (Press . to maintain the ray.) Unknown command.
The searing ray hits the wyvern zombie.
The wyvern zombie is moderately damaged.
The searing ray hits the wyvern zombie!
The wyvern zombie is heavily damaged.
The wyvern zombie completely misses you. x2
The searing ray hits the wyvern zombie!
The wyvern zombie is severely damaged.
You finish channelling your searing ray.
The wyvern zombie bites you!
* * * LOW HITPOINT WARNING * * *
Casting: Searing Ray (safe; 1% risk of failure)
Confirm with . or Enter, or press ? or * to list all spells.
You erupt in a blast of force!
The mystic blast hits the wyvern zombie!
The wyvern zombie is almost destroyed.
The wyvern zombie is knocked back by the mystic blast.
The wyvern zombie slams into the rock wall!
The wyvern zombie is almost destroyed.
You hear a shout! x2
The wyvern zombie bites you!
You die...

#.... #.....
##. #....# ..
+....##>
#......#
#....#.
#....Z######.
#....@.......
####'########
#.#
#.#######.#
#.#........
#.#.#####
####.#(....#
#....#..#<.#
####.#..####..


You could see a wyvern zombie.

Vanquished Creatures
  Prince Ribbit (D:5)
  Eustachio (D:5)
  A steam dragon (D:6)
  A sky beast (D:6)
  A necrophage (D:5)
  An ogre (D:4)
  A centaur (D:7)
  A phantom (D:4)
  A scorpion (D:6)
  2 jellies
  A howler monkey (D:5)
  A hound (D:5)
  2 orc priests (D:6)
  A centaur skeleton (D:5)
  5 iguanas
  3 orc wizards
  A howler monkey zombie (D:6)
  7 gnolls
  4 adders
  2 white imps
  2 ufetubi
  3 worms
  5 dart slugs
  7 orcs
  7 endoplasms
  5 giant cockroaches
  10 goblins
  8 hobgoblins
  2 jackals (D:3)
  2 kobolds
  5 quokkas
  7 ball pythons
  6 bats
  3 frilled lizards
  9 rats
119 creatures vanquished.

Vanquished Creatures (others)
  An orc (D:3)
  11 fulminant prisms
  6 plants (D:2)
18 creatures vanquished.

Grand Total: 137 creatures vanquished

Notes
Turn   | Place    | Note
-------+----------+-------------------------------------------
     0 | D:1      | porpoise the Deep Elf Conjurer began the quest for the Orb.
     0 | D:1      | Reached XP level 1. HP: 10/10 MP: 6/6
   142 | D:1      | Reached XP level 2. HP: 15/15 MP: 5/8
   172 | D:1      | Learned a level 2 spell: Searing Ray
   709 | D:1      | Reached skill level 4 in Spellcasting
   835 | D:1      | Reached skill level 5 in Conjurations
   923 | D:1      | Reached XP level 3. HP: 19/19 MP: 8/10
  1208 | D:2      | Found a faded altar of an unknown god.
  2427 | D:3      | Reached XP level 4. HP: 24/24 MP: 10/12
  2587 | D:3      | Found a shimmering altar of Xom.
  2717 | D:3      | Found a glowing golden altar of the Shining One.
  2768 | D:3      | Reached skill level 5 in Spellcasting
  2826 | D:3      | Found a burning altar of Makhleb.
  3379 | D:4      | Noticed a phantom
  3512 | D:4      | Reached XP level 5. HP: 28/28 MP: 4/14
  3517 | D:4      | Learned a level 4 spell: Fulminant Prism
  3522 | D:4      | Learned a level 4 spell: Iskenderun's Mystic Blast
  3581 | D:4      | Found a blossoming altar of Fedhas.
  3738 | D:3      | Reached skill level 1 in Hexes
  3882 | D:4      | Noticed an ogre
  3888 | D:4      | Killed an ogre
  3889 | D:4      | Reached skill level 6 in Spellcasting
  3889 | D:4      | Reached XP level 6. HP: 32/32 MP: 4/17
  4637 | D:5      | Entered Level 5 of the Dungeon
  4645 | D:5      | Reached skill level 7 in Spellcasting
  4703 | D:5      | Reached skill level 5 in Hexes
  4703 | D:5      | Reached XP level 7. HP: 36/36 MP: 7/19
  4903 | D:5      | Noticed Prince Ribbit
  4912 | D:5      | Killed Prince Ribbit
  5279 | D:5      | Reached skill level 1 in Translocations
  5513 | D:5      | Noticed Eustachio
  5633 | D:5      | Killed Eustachio
  5876 | D:5      | Reached XP level 8. HP: 41/41 MP: 15/20
  6646 | D:6      | Found a staircase to the Ecumenical Temple.
  6801 | Temple   | Entered the Ecumenical Temple
  6979 | D:6      | Reached skill level 8 in Spellcasting
  6979 | D:6      | Reached skill level 5 in Translocations
  7070 | D:6      | Found Mowad's Fire Supplies.
  7251 | D:7      | Slain by a wyvern zombie

Illustrated notes

Levels and vault maps discovered:
D:1:      heliophobic_arrival_ceremonial_halls, layout_basic
D:2:      layout_basic, shapermc_ecumenical_altar_mp_ritualfount
D:3:      layout_basic, xom_confusion_cloud, nicolae_tso_swordbearing_angel,
          bloody_makhleb, nicolae_elevator_lobby_plus
D:4:      layout_rooms, fedhas_altar_fruit_tree, supply_closet_lemuel,
          chequers_mini_garden, amcnicky_mini_pool_small,
          hangedman_abyss_or_decor_lesser_grid
D:5:      layout_basic, minivault_4, uniq_prince_ribbit1, uniq_eustachio
D:6:      layout_cave_pools, minmay_temple_entry_crystal_x,
          nicolae_shop_fire_sale [nicolae_sub_dead_trees]
D:7:      layout_basic, kennysheep_vampire_church, st_stairs_7,
          kennysheep_windowed_goal
Temple:   nicolae_temple_figure_zero

Skill      XL: |  1  2  3  4  5  6  7  8 |
---------------+-------------------------+-----
Spellcasting   | 4 5 6 7 8 |  8.9
Conjurations   | 5 6 7 |  7.0
Hexes          | 2 5 7 |  7.0
Translocations | 3 5 |  5.0
Fighting       | |  0.9
Dodging        | |  2.4
Stealth        | |  2.4

Action                   |  1- 3 |  4- 6 |  7- 9 || total
-------------------------+-------+-------+-------++-------
Melee: Dagger            |       |     7 |       ||     7
       Hunting sling     |       |       |     1 ||     1
 Fire: Hunting sling     |       |     9 |    25 ||    34
 Cast: Magic Dart        |    63 |    23 |       ||    86
       Searing Ray       |     6 |    28 |    28 ||    62
       Fulminant Prism   |       |     2 |     9 ||    11
       Iskenderun's Myst |       |     1 |     2 ||     3
  Use: Scroll            |       |     8 |     1 ||     9
Armor: Robe              |       |       |     2 ||     2
Dodge: Dodged            |     2 |    18 |    19 ||    39

Table legend: (Time is in decaauts)
 A = Elapsed time spent in this place.
 B = Non-inter-level travel time spent in this place.
 C = Inter-level travel time spent in this place.
 D = Time resting spent in this place.
 E = Time spent auto-exploring this place.
 F = Levels seen in this place.
 G = Mean time per level.
                   A        B        C        D        E       F      G
               +--------+--------+--------+--------+--------+-----+--------+
         Total |   7261 |   7012 |    249 |   2874 |   3375 |   8 |  907.6 |
       Dungeon |   7138 |   6899 |    239 |   2874 |   3262 |   7 | 1019.7 |
        Temple |    123 |    113 |     10 |      0 |    113 |   1 |  123.0 |
               +--------+--------+--------+--------+--------+-----+--------+

Top non-repeatable levels by time:
     D:5: 1711 daAuts
     D:3: 1540 daAuts
     D:2: 1319 daAuts
     D:1: 977 daAuts
     D:4: 803 daAuts
     D:6: 755 daAuts
  Temple: 123 daAuts
     D:7: 29 daAuts
